[Event "Late-Titled-Tuesday-Blitz-April-30-2024"]
[Site "Chess.com"]
[Date "2024.04.30"]
[Round "9"]
[White "dealshark"]
[Black "Nemsko"]
[Result "1/2-1/2"]
[WhiteElo "2316"]
[BlackElo "2446"]
[TimeControl "180+1"]
[EndTime "15:44:49 PDT"]
[Termination "Game drawn by repetition"]

1. e4 e5 2. Nf3 Nc6 3. Bb5 a6 4. Ba4 Nf6 5. d3 b5 6. Bb3 Be7 7. O-O O-O 8. c3 d6 9. Nbd2 Be6 10. Bc2 d5 11. exd5 Nxd5 12. Ne4 f6 13. Re1 Qd7 14. d4 exd4 15. Nxd4 Nxd4 16. Qxd4 Bf7 17.
Nc5 Qd6 18. Qe4 Bg6 19. Qxd5+ Qxd5 20. Bb3 Qxb3 21. Nxb3 Bd6 22. Be3 Rfe8 23. Bc5 Be5 24.
Bd4 Bf4 25. Rad1 Bc2 26. Ra1 Kf7 27. g3 Bxb3 28. axb3 Bd6 29. Rxe8 Kxe8 30. Kg2 c5 31. Be3 Kd7 32. Kf3 Kc6 33. c4 Kb6 34. Rd1 Kc6 35.
Bf4 Bxf4 36. Kxf4 Re8 37. Rd2 Re7 38. h4 bxc4 39. bxc4 Kb6 40. h5 h6 41. Kf5 Ka5 42. b3 Kb4 43. Rd3 a5 44. g4 a4 45. bxa4 Kxa4 46. Re3 Rc7 47. Kg6 Kb4 48. Re4 Kc3 49. f3 Kd3 50. Kh7 Rd7 51. Kg6 Rc7 52. Rf4 Re7 53. Re4 Rd7 54. Rf4 Re7 55. Re4 Rd7 56. Kf5 Rc7 57. Kg6 Rd7 1/2-1/2

[Event "Late-Titled-Tuesday-Blitz-April-30-2024"]
[Site "Chess.com"]
[Date "2024.04.30"]
[Round "9"]
[White "JiangoFett"]
[Black "AldokhinIvan"]
[Result "1-0"]
[WhiteElo "2486"]
[BlackElo "2628"]
[TimeControl "180+1"]
[EndTime "15:44:50 PDT"]
[Termination "JiangoFett won by resignation"]

1. c4 Nf6 2. Nc3 g6 3. d4 Bg7 4. e4 O-O 5. f3 c6 6. Be3 d5 7. e5 Nfd7 8. f4 dxc4 9. Bxc4 Nb6 10. Bb3 Nd5 11. Nxd5 cxd5 12. Qf3 Be6 13. Ne2 Nc6 14.
O-O Na5 15. Bc2 Qc8 16. Rfc1 Bg4 17. Qf2 Bxe2 18. Qxe2 Nc4 19. Bf2 Qd7 20. b3 Na5 21. Bd3 Rfc8 22. Be1 Nc6 23. Qe3 a6 24. Rc2 e6 25.
Rac1 f5 26. a3 Bf8 27. b4 Be7 28. Bf2 Bd8 29. b5 Na5 30. Rxc8 Rxc8 31. bxa6 bxa6 32.
Bxa6 Rc6 33. Bd3 Bb6 34. Qe1 Qa7 35. Bb5 Rxc1 36. Qxc1 Bxd4 37. Qc8+ Kg7 38. Qd7+ Qxd7 39. Bxd7 Bxf2+ 40. Kxf2 Kf7 41. a4 Ke7 42. Bb5 Nb7 43. Ke3 Na5 44. Kd4 Nb3+ 45. Kc3 Nc5 46. a5 Kd8 47. Kb4 Ne4 48. a6 Kc7 49. Bd7 Kb6 50. Bxe6 d4 51. Bg8 Kxa6 52. Kc4 Kb6 53. Kxd4 Kc7 54.
Bxh7 g5 55. Bxf5 Nd2 56. fxg5 Nb3+ 57. Ke4 Nc5+ 58. Kf4 Nd7 59. Bxd7 Kxd7 60. h4 1-0

[Event "Late-Titled-Tuesday-Blitz-April-30-2024"]
[Site "Chess.com"]
[Date "2024.04.30"]
[Round "9"]
[White "Shuvalov"]
[Black "Slovineanu"]
[Result "1-0"]
[WhiteElo "2616"]
[BlackElo "2465"]
[TimeControl "180+1"]
[EndTime "15:44:52 PDT"]
[Termination "Shuvalov won by resignation"]

1. d4 Nf6 2. c4 e6 3. Nf3 d5 4.
Nc3 c5 5. e3 cxd4 6. exd4 Bb4 7.
cxd5 Nxd5 8. Bd2 O-O 9. Bd3 b6 10. O-O Bb7 11. Qe2 Nd7 12. Rfd1 Bd6 13. Qe4 N7f6 14.
Qh4 Re8 15. Ne5 h6 16. Bb5 Nxc3 17. bxc3 Ne4 18. Qh5 Re7 19. Nc6 Bxc6 20. Bxc6 Nf6 21. Qf3 Rc8 22. Bb5 Rec7 23. Ba6 Rb8 24. a4 Nd5 25. Re1 Qf6 26. Qh3 Bf4 27. Qd3 Bxd2 28. Qxd2 Rxc3 29. g3 Rd8 30. Rac1 Rxc1 31. Rxc1 Ne7 32.
Rc4 Nf5 33. Rc7 Qxd4 34. Qxd4 Rxd4 35. Bb5 a5 36. Be8 Nd6 37. Bc6 e5 38. Rd7 Nc4 39.
Rb7 Rd6 40. Be8 f6 41. Bf7+ Kf8 42. Bxc4 Rd4 43. Bb5 Rd6 44. h4 h5 45. Be2 g6 46.
Bb5 f5 47. Kf1 e4 48. Ke2 Rf6 49. Rc7 Kg8 50. Rc6 Rxc6 51. Bxc6 Kf7 52. Ke3 Kf6 53.
Kf4 Ke6 54. Be8 Kf6 55. Bb5 Ke6 56. Kg5 Kf7 57. Bc6 Kg7 58. Be8 Kf8 59. Bxg6 1-0

[Event "Late-Titled-Tuesday-Blitz-April-30-2024"]
[Site "Chess.com"]
[Date "2024.04.30"]
[Round "9"]
[White "Revan_2002"]
[Black "Zhigalko_Sergei"]
[Result "1-0"]
[WhiteElo "2782"]
[BlackElo "2870"]
[TimeControl "180+1"]
[EndTime "15:44:53 PDT"]
[Termination "Revan_2002 won by checkmate"]

1. d4 Nf6 2. c4 e6 3. Nf3 b6 4.
a3 Ba6 5. Qc2 Bb7 6. Nc3 c5 7. dxc5 bxc5 8. Bf4 Be7 9. e3 O-O 10.
Be2 Qb6 11. O-O Rd8 12. Rab1 Nc6 13. Rfd1 h6 14. h3 Rac8 15. Bg3 d5 16. Bh4 d4 17.
Bxf6 Bxf6 18. Ne4 Be7 19. exd4 Nxd4 20. Nxd4 cxd4 21. b4 Qc7 22. c5 Qf4 23. Bd3 f5 24. Ng3 Bh4 25. Qe2 Bd5 26. Bc4 d3 27. Bxd3 Bxg3 28.
fxg3 Qxg3 29. Qf2 Qg5 30. Bf1 Be4 31. Rbc1 Rd5 32. Rxd5 Qxc1 33. Qd2 Qxa3 34. Rd7 Qg3 35. Qf2 Qg5 36. Qd4 Kh7 37. h4 Qg6 38. Qf2 Ra8 39. b5 Rc8 40. c6 a6 41. bxa6 Bxc6 42. Re7 Bd5 43. h5 Qf6 44. Ra7 Rc1 45. Rd7 Bc4 46. a7 Qa1 47. a8=Q Rxf1+ 48. Qxf1 Qxf1+ 49. Kh2 Qf4+ 50. g3 Qf2+ 51. Qg2 Qc5 52. Qb2 e5 53. Re7 e4 54.
Qxg7# 1-0

[Event "Late-Titled-Tuesday-Blitz-April-30-2024"]
[Site "Chess.com"]
[Date "2024.04.30"]
[Round "9"]
[White "Goryachkina"]
[Black "SCIM"]
[Result "1-0"]
[WhiteElo "2711"]
[BlackElo "2566"]
[TimeControl "180+1"]
[EndTime "15:44:54 PDT"]
[Termination "Goryachkina won on time"]

1. e4 e6 2. d4 d5 3. Nc3 Nf6 4. Bg5 h6 5. Bxf6 Qxf6 6. exd5 Bb4 7. dxe6 Bxe6 8. Bb5+ c6 9. Be2 O-O 10. Nf3 Nd7 11. O-O Rad8 12. Ne4 Qe7 13. Ng3 Nf6 14. c3 Bd6 15. Qc2 Rfe8 16. Rfe1 Qd7 17. Bf1 g6 18. b3 h5 19. h3 Bd5 20. Qd3 Bxg3 21. fxg3 Be4 22.
Qd1 Qc7 23. Bd3 Qxg3 24. Bxe4 Nxe4 25. Qc2 Ng5 26. Rxe8+ Rxe8 27. Nxg5 Qxg5 28. Qf2 Re3 29. Rf1 Qe7 30. c4 Re2 31. Qf3 Rxa2 32. d5 cxd5 33. cxd5 Rd2 34. Kh1 b6 35. Rc1 Qd7 36. Rd1 Rxd1+ 37.
Qxd1 Qd6 38. Qd3 a5 39. Qb5 Kf8 40. Qc4 Qc5 41. Qe4 Qc1+ 42. Kh2 Qc7+ 43. Kh1 Qd6 44. Qd4 b5 45. Qe4 Qc5 46. Qe5 a4 47. bxa4 bxa4 48.
Qb8+ Kg7 49. Qe5+ 1-0

[Event "Late-Titled-Tuesday-Blitz-April-30-2024"]
[Site "Chess.com"]
[Date "2024.04.30"]
[Round "9"]
[White "manmanlai1"]
[Black "Umumba_FM"]
[Result "1-0"]
[WhiteElo "2573"]
[BlackElo "2692"]
[TimeControl "180+1"]
[EndTime "15:44:54 PDT"]
[Termination "manmanlai1 won by resignation"]

1. e4 Nc6 2. Nf3 f5 3. d3 e5 4. d4 fxe4 5. Nxe5 Nxe5 6. dxe5 d5 7. exd6 Bxd6 8. Nc3 Nf6 9. Bc4 Bg4 10. Qd2 Qe7 11. h3 Bf5 12. Nd5 Nxd5 13. Qxd5 e3 14. Qxf5 exf2+ 15. Kd1 Rf8 16. Qh5+ g6 17. Qe2 Be5 18. Bd3 O-O-O 19.
Rf1 Qf6 20. Be3 Bg3 21. Qg4+ Kb8 22. Qxg3 Qxb2 23. Kd2 Rxd3+ 24. Kxd3 Rd8+ 25. Ke2 Qxc2+ 26.
Kf3 Rf8+ 27. Qf4 Rxf4+ 28. Bxf4 h6 29. Be3 b6 30. Bxf2 g5 31. Kg3 h5 32. Kh2 g4 33.
Kg1 Kb7 34. hxg4 hxg4 35. Rfe1 Qd3 36. Re3 Qd5 37. a3 a5 38. Rg3 Qf5 39. Rd1 a4 40. Rdd3 b5 41. Rc3 c6 42. Bc5 Qb1+ 43. Kf2 Qf5+ 44.
Ke3 Qe5+ 45. Kd2 Qf4+ 46. Ke2 Qe4+ 47. Kd2 Qf4+ 48. Kc2 Qe4+ 49. Kb2 Qe2+ 50. Kb1 Qe4+ 51. Kc1 Qe1+ 52. Kb2 Qe2+ 53. Rc2 Qe5+ 54. Rgc3 g3 55.
Bb4 Qd4 56. Be7 Qe5 57. Bf8 Qf6 58. Bc5 Qe5 59. Rd2 Ka6 60. Bd6 Qf6 61. Bxg3 c5 62. Rd6+ Qxd6 63. Bxd6 b4 64. axb4 cxb4 65. Bxb4 1-0

[Event "Late-Titled-Tuesday-Blitz-April-30-2024"]
[Site "Chess.com"]
[Date "2024.04.30"]
[Round "9"]
[White "Njal28"]
[Black "Hrant_ChessMood"]
[Result "1/2-1/2"]
[WhiteElo "3087"]
[BlackElo "2963"]
[TimeControl "180+1"]
[EndTime "15:44:57 PDT"]
[Termination "Game drawn by repetition"]

1. e4 c6 2. d4 d5 3. e5 Bf5 4. Bd3 Bxd3 5. Qxd3 e6 6. Ne2 c5 7. c3 Nc6 8. O-O Nge7 9. Nd2 Rc8 10. a3 h5 11. Nf3 Nf5 12. b4 cxd4 13. cxd4 Be7 14. Bd2 a6 15. Ng3 g6 16. Rac1 h4 17. Nxf5 gxf5 18. h3 Rg8 19. Rc2 Qb6 20. a4 Kd7 21. b5 axb5 22. axb5 Na5 23. Rxc8 Rxc8 24. Bg5 Qd8 25. Qe3 Nc4 26. Qf4 Bxg5 27. Nxg5 Qe7 28. Qxh4 Nd2 29. Rd1 Ne4 30. f4 Nxg5 31.
Qxg5 Qxg5 32. fxg5 Rc3 33. Kf2 Ke7 34. h4 Kf8 35. h5 Kg7 36. Ra1 Rb3 37. Rc1 Rxb5 38. Rc7 Kg8 39. h6 Rb2+ 40. Kf3 Rb3+ 41. Kf2 Rb2+ 42. Kg3 Rd2 43. Rc8+ Kh7 44. Rf8 Rxd4 45. Rxf7+ Kh8 46. Rf8+ Kh7 47. Kf3 Rg4 48. Rf7+ Kh8 49. Rg7 d4 50. g6 b5 51. Rh7+ Kg8 52. Rg7+ Kh8 53. Ke2 b4 54. Kd3 b3 55. Rh7+ Kg8 56. Rg7+ Kh8 57. g3 Rxg3+ 58. Kxd4 b2 59. Rh7+ Kg8 60.
Rg7+ Kh8 61. Rh7+ Kg8 62. Rg7+ Kh8 1/2-1/2

[Event "Late-Titled-Tuesday-Blitz-April-30-2024"]
[Site "Chess.com"]
[Date "2024.04.30"]
[Round "9"]
[White "artin10862"]
[Black "Meri-Arabidze"]
[Result "1-0"]
[WhiteElo "2865"]
[BlackElo "2698"]
[TimeControl "180+1"]
[EndTime "15:45:01 PDT"]
[Termination "artin10862 won by checkmate"]

1. e3 d5 2. Nf3 Nf6 3. c4 e6 4. d4 a6 5. b3 b6 6. Bb2 Bb7 7. Nc3 Bd6 8. Rc1 Nbd7 9. Bd3 O-O 10.
cxd5 exd5 11. O-O Qe7 12. Ne2 Ne4 13. Ng3 f5 14. Ne2 Rf7 15. Bb1 g5 16. Ne1 Raf8 17.
Nd3 Qe6 18. f4 Rg7 19. Ne5 Ndf6 20. Bd3 Ng4 21. Rf3 Qh6 22. Rh3 Qf6 23. Rf3 Qh6 24. h3 Ngf6 25. fxg5 Qxg5 26. Nf4 Nh5 27. Rc2 Nxf4 28.
exf4 Qe7 29. Kh2 h6 30. g3 Kh7 31. Rg2 Rfg8 32. Qc2 Qf6 33. Bc3 Bc8 34. Be1 Be6 35. Bxa6 h5 36. h4 c5 37. Rf1 cxd4 38. Nf3 Bxf4 39. gxf4 Rxg2+ 40. Qxg2 Rxg2+ 41. Kxg2 Nc5 42. Bb5 d3 43. b4 Ne4 44. Bxd3 d4 45. Bf2 Bd5 46. Kh2 Qd6 47. Ne5 Qxb4 48. Be1 Qb2+ 49. Kh3 Qa3 50. Rf3 Ng5+ 51. hxg5 Bxf3 52. Bxf5+ Kg7 53. Kh4 Bd5 54. Bg3 Qe3 55. Bh3 Qg1 56. f5 d3 57. f6+ Kf8 58. g6 d2 59. f7 d1=Q 60. Nd7+ Kg7 61. f8=Q+ Kxg6 62. Bf5# 1-0

[Event "Late-Titled-Tuesday-Blitz-April-30-2024"]
[Site "Chess.com"]
[Date "2024.04.30"]
[Round "9"]
[White "WilsonPalencia21"]
[Black "GolfBeforeChess"]
[Result "1-0"]
[WhiteElo "2525"]
[BlackElo "2342"]
[TimeControl "180+1"]
[EndTime "15:45:02 PDT"]
[Termination "WilsonPalencia21 won on time"]

1. d4 Nf6 2. c4 e6 3. Nf3 c5 4. d5 exd5 5. cxd5 d6 6. g3 g6 7. Bg2 Bg7 8. O-O O-O 9. Nc3 Nbd7 10. a4 a6 11. Nd2 Rb8 12. Nc4 Nb6 13. Na3 Bd7 14. e4 Nc8 15. Nc4 b5 16. axb5 axb5 17.
Na5 Qb6 18. Nc6 Rb7 19. b4 Re8 20. Rb1 Na7 21. bxc5 Qxc5 22. Nxa7 Qxa7 23. Be3 Qa3 24. Rb3 Qa5 25. Bd4 b4 26. Ne2 Nxe4 27. Bxg7 Kxg7 28. Qd4+ Nf6 29. Rf3 Qd8 30. Nf4 b3 31.
Rb1 b2 32. Rxb2 Re1+ 33. Bf1 Bb5 34. Nd3 Bxd3 35. Rxd3 Rxb2 36. Qxb2 Kg8 37. Rb3 Nd7 38. Kg2 Qf6 39. Qxf6 Nxf6 40. Bc4 Rd1 41. Rb6 Nxd5 42. Rb8+ Kg7 43. Be2 Rd2 44. Kf1 Nc3 45. Bf3 d5 46.
Rc8 d4 47. h4 Nd1 48. Ke1 Rxf2 49. Bxd1 Rg2 50. g4 Rh2 51. h5 gxh5 52. gxh5 d3 53. Rc5 d2+ 54. Kf1 Kh6 55. Rc6+ Kg5 56. Rc4 Rh4 57.
Rc5+ Kh6 58. Kf2 Rh2+ 59. Ke3 f6 60. Rd5 Kg7 61. Be2 1-0

[Event "Late-Titled-Tuesday-Blitz-April-30-2024"]
[Site "Chess.com"]
[Date "2024.04.30"]
[Round "9"]
[White "Carlitus2004"]
[Black "egnfanclub"]
[Result "1-0"]
[WhiteElo "2481"]
[BlackElo "2357"]
[TimeControl "180+1"]
[EndTime "15:45:02 PDT"]
[Termination "Carlitus2004 won on time"]

1. e4 e5 2. Nc3 Nf6 3. g3 Nc6 4. Bg2 Bc5 5. Nf3 d6 6. O-O O-O 7. d3 h6 8. h3 a6 9. Kh2 Nd4 10.
Nxd4 Bxd4 11. f4 c6 12. Ne2 Bb6 13. d4 exd4 14. Nxd4 d5 15. e5 Ne4 16. Be3 f5 17. c3 Bxd4 18. Bxd4 c5 19. Bxe4 cxd4 20. Bg2 Be6 21.
Qxd4 Rc8 22. Rad1 Rc4 23. Qd3 Ra4 24. a3 d4 25. cxd4 Bc4 26. Qc2 Bxf1 27. Qxa4 Bxg2 28. Kxg2 Qd5+ 29. Kf2 Rc8 30. Qb4 a5 31. Qe1 Rc2+ 32.
Rd2 Qb3 33. Rxc2 Qxc2+ 34. Qe2 Qc1 35. Kg2 Qc6+ 36. Kf2 Qc1 37. h4 Qh1 38. Ke3 Qe4+ 39. Kf2 Qh1 40. Qd2 Qh2+ 41. Ke1 Qxg3+ 42. Kd1 Qf3+ 43. Kc2 Qd5 44. Qc3 Kh7 45. Kb1 Qe4+ 46. Ka2 Qxf4 47. d5 Qe4 48. d6 Qd5+ 49. Kb1 a4 50.
Kc2 b5 51. Kc1 g6 52. h5 gxh5 53. Kc2 Qe4+ 54. Kd2 Qd5+ 55. Ke3 Qe4+ 56. Kd2 Qd5+ 57. Qd3 Qg2+ 58. Kc3 Qc6+ 59. Kb4 Kg6 60. d7 1-0

[Event "Late-Titled-Tuesday-Blitz-April-30-2024"]
[Site "Chess.com"]
[Date "2024.04.30"]
[Round "9"]
[White "Ajedrez_con_German"]
[Black "Slovak_fighter2000"]
[Result "1-0"]
[WhiteElo "2631"]
[BlackElo "2469"]
[TimeControl "180+1"]
[EndTime "15:45:04 PDT"]
[Termination "Ajedrez_con_German won by resignation"]

1. d4 Nf6 2. Nf3 g6 3. Bf4 Bg7 4. e3 O-O 5. h3 d6 6. Be2 c5 7. c3 b6 8. Bh2 Bb7 9. a4 a6 10. O-O Nbd7 11. Na3 Ra7 12. b4 Ne4 13. Qb3 Qa8 14.
Rfd1 Ndf6 15. Rab1 Rc8 16. Bc4 Bd5 17. dxc5 Bxc4 18.
Nxc4 bxc5 19. Nb6 Qc6 20. Nxc8 Qxc8 21. bxc5 Nxc5 22. Qb6 Rb7 23. Qa5 Rxb1 24. Rxb1 Nd5 25. Nd4 Bf6 26. c4 Nc7 27. Nc6 Kg7 28. Bg3 N7e6 29.
Nd4 Nxd4 30. exd4 Bxd4 31. Kh1 Qf5 32. Rd1 e5 33. Qc7 Qe6 34. Qc6 h5 35. f3 g5 36.
Bh2 g4 37. fxg4 hxg4 38. hxg4 Qxg4 39. Qf3 Qxf3 40. gxf3 Nxa4 41. Bg1 Nc3 42. Rxd4 exd4 43. Bxd4+ Kg6 44. Bxc3 Kf5 45. Kg2 Kf4 46. Kf2 f5 47.
Bd2+ Ke5 48. Ke3 d5 49. f4+ Kd6 50. Bb4+ Kc6 51. Kd4 dxc4 52. Kxc4 Kb6 53. Bc3 Kc6 54. Kd4 Kd6 55. Bb4+ Ke6 56. Bc5 a5 57. Ba3 a4 58.
Bb4 Kd7 59. Ke5 Kc6 60. Kxf5 Kb5 61. Bf8 Kc4 62. Ke4 1-0

[Event "Late-Titled-Tuesday-Blitz-April-30-2024"]
[Site "Chess.com"]
[Date "2024.04.30"]
[Round "9"]
[White "RandomNoob04"]
[Black "Durarbayli"]
[Result "0-1"]
[WhiteElo "2742"]
[BlackElo "2924"]
[TimeControl "180+1"]
[EndTime "15:45:07 PDT"]
[Termination "Durarbayli won on time"]

1. e4 c5 2. d4 cxd4 3. c3 Nf6 4. e5 Nd5 5. Nf3 Nc6 6. Bc4 Nb6 7. Bb3 d5 8. exd6 Qxd6 9. O-O g6 10. cxd4 Bg7 11.
Nc3 O-O 12. d5 Na5 13. Ne4 Qd8 14. d6 Nxb3 15. Qxb3 Be6 16. Qa3 exd6 17. Bg5 f6 18. Bf4 d5 19. Nc5 Bc8 20. Nd4 Rf7 21. Rfe1 Bf8 22.
Qa5 Bxc5 23. Qxc5 Kg7 24. Re6 Nc4 25. Rae1 Qa5 26. Qxa5 Nxa5 27. Re8 g5 28. Bd2 Nc4 29. Bc3 Kg6 30. Rg8+ Rg7 31. Rd8 Ne5 32. Ne6 Re7 33. Nd4 Kf7 34. Kf1 b6 35. Kg1 Bb7 36. Rxa8 Bxa8 37. Rd1 Kg6 38. Nb5 Rd7 39. f3 Bc6 40. Nd4 Bb7 41. Kf2 Nc4 42. b3 Ne5 43. Re1 Rc7 44. Re3 Rc8 45. Nb5 Ba6 46. Nd4 Bb7 47. Ke2 a5 48. Kd2 Ba6 49. Ne6 Nc6 50. Nd4 Nxd4 51.
Bxd4 Rc6 52. Re7 a4 53. bxa4 Bc4 54. Rb7 Bxa2 55. Rxb6 Rc4 56. Bxf6 Rxa4 57. Bc3+ Kf7 58. Rb7+ Ke6 59. Rxh7 d4 60. Bb2 Rb4 61. Re7+ Kf6 62. Ba3 Ra4 63. Rd7 Rxa3 0-1

[Event "Late-Titled-Tuesday-Blitz-April-30-2024"]
[Site "Chess.com"]
[Date "2024.04.30"]
[Round "9"]
[White "CarlosjPineror"]
[Black "WoodlandMagic"]
[Result "1-0"]
[WhiteElo "2725"]
[BlackElo "2858"]
[TimeControl "180+1"]
[EndTime "15:45:07 PDT"]
[Termination "CarlosjPineror won by resignation"]

1. e4 c5 2. Nf3 Nc6 3. g3 g6 4.
Bg2 Bg7 5. O-O Nf6 6. Nc3 d6 7. h3 O-O 8. d3 Rb8 9. Be3 b5 10.
Qd2 a5 11. Ne1 b4 12. Nd1 a4 13.
f4 Nd7 14. Rc1 Ba6 15. c4 bxc3 16. bxc3 a3 17. g4 e6 18. Nc2 Qa5 19. e5 d5 20.
Ne1 Rfc8 21. Rf2 Qa4 22. Rf1 Bf8 23. Nf3 d4 24. Bf2 Qa5 25. Re1 dxc3 26. Rxc3 Nd4 27. Bxd4 cxd4 28. Rxc8 Qxd2 29. Rxf8+ Kxf8 30. Nxd2 Bxd3 31. Nf3 Bc4 32. Nxd4 Bxa2 33. Nc3 Bc4 34. Ra1 a2 35.
Nxa2 g5 36. fxg5 Nxe5 37. Nc3 Ng6 38. Bf1 Bxf1 39. Rxf1 Kg8 40. Ne4 Rb4 41. Nf6+ Kg7 42. Ne2 Ne5 43. Nh5+ Kg8 44. Neg3 Kf8 45. Nf6 Kg7 46.
Ngh5+ Kg6 47. h4 Nxg4 48. Nf4+ Kf5 49. Nd3+ Kg6 50. Nxb4 Ne3 51. Rf3 Nf5 52. Rf4 Ng3 53.
Kf2 Nf5 54. Nd3 h6 55. Ne5+ Kg7 56. Nh5+ Kh7 57. Rxf5 exf5 58. gxh6 Kxh6 59. Ng3 f4 60. Kf3 fxg3 61. Kxg3 Kg7 62. Kg4 f6 63. Nf3 Kg6 64.
h5+ Kh6 65. Nh4 Kg7 66. Nf5+ Kf7 67. Kf4 Ke6 68. Ke4 Kf7 69. Kd5 Kf8 70. Kd6 Kg8 71. Ke7 Kh7 72. Kxf6 1-0

[Event "Late-Titled-Tuesday-Blitz-April-30-2024"]
[Site "Chess.com"]
[Date "2024.04.30"]
[Round "9"]
[White "cthulhuuu"]
[Black "HajiyevKanan"]
[Result "1/2-1/2"]
[WhiteElo "2482"]
[BlackElo "2618"]
[TimeControl "180+1"]
[EndTime "15:45:12 PDT"]
[Termination "Game drawn - insufficient material"]

1. e4 c6 2. d3 d5 3. Nd2 dxe4 4. dxe4 Nf6 5. Ngf3 Bg4 6. h3 Bh5 7. e5 Nd5 8. e6 fxe6 9. g4 Bg6 10. Ne5 Nd7 11. Nxg6 hxg6 12. Nf3 Qa5+ 13. Bd2 Qb6 14. Ng5 c5 15. c4 Nb4 16. Bc3 e5 17. Bg2 Qd6 18. Be4 Qf6 19. h4 O-O-O 20. Bxb4 cxb4 21. Qd5 Qb6 22. O-O-O Nc5 23. Qxd8+ Qxd8 24. Rxd8+ Kxd8 25. Nf7+ Ke8 26. Nxh8 Nxe4 27. f3 Nf2 28. Rf1 Nd3+ 29. Kc2 Nc5 30.
Nxg6 e6 31. Nxe5 Bd6 32. Re1 Ke7 33. Nd3 Na4 34. f4 g6 35. f5 gxf5 36. gxf5 e5 37. Nxe5 Kf6 38. h5 Bxe5 39. Rxe5 Kxe5 40. h6 Kf6 41. Kb3 Nc5+ 42. Kxb4 Ne4 43. c5 Ng3 44. Kb5 Nxf5 45. c6 Nd4+ 46. Kc5 Nxc6 47. b4 a6 48. a4 Kg6 49. b5 axb5 50. axb5 Nd8 51. Kb6 Kxh6 52. Kc7 Ne6+ 53. Kxb7 Nc5+ 54. Kc6 Na4 55.
Kb7 Nc5+ 56. Kb6 Na4+ 57. Ka5 Nc5 58. b6 Nb7+ 59. Ka6 Nd6 60. Ka5 Nc4+ 61. Kb5 Nxb6 1/2-1/2

[Event "Late-Titled-Tuesday-Blitz-April-30-2024"]
[Site "Chess.com"]
[Date "2024.04.30"]
[Round "9"]
[White "ChessSwole"]
[Black "mightysmasher"]
[Result "0-1"]
[WhiteElo "2659"]
[BlackElo "2549"]
[TimeControl "180+1"]
[EndTime "15:45:15 PDT"]
[Termination "mightysmasher won by resignation"]

1. Nf3 d5 2. e3 Nf6 3. c4 e6 4. Nc3 Bd6 5. b3 O-O 6. Bb2 b6 7. cxd5 exd5 8. g3 Bb7 9. Bg2 c5 10. d4 Nc6 11. O-O Rc8 12. Rc1 Re8 13. dxc5 Bxc5 14.
Ne2 Ne4 15. Ned4 Nxd4 16. Nxd4 Ba6 17. Re1 Bb4 18. Nc6 Rxc6 19. Rxc6 Bxe1 20. Qxe1 Nc5 21. Qc3 f6 22. Qd4 Ne4 23. h4 Bb7 24. Rc2 Qe7 25. Qa4 Nc5 26. Qxa7 d4 27. Bxb7 Nxb7 28. Bxd4 Qe4 29. Rc7 Qb1+ 30. Kh2 Qf5 31. Rxg7+ Kxg7 32. Qxb7+ Kg8 33. e4 Qxe4 34. Qxb6 Qf3 35. Bxf6 Re1 36. Qd8+ Kf7 37. Qd7+ Kxf6 38. Qd4+ Kf7 39. Qd7+ Re7 40. Qd4 Qe2 41. Qf4+ Kg8 42. Qg5+ Rg7 43. Qd8+ Kf7 44.
Qd5+ Qe6 45. Qh5+ Qg6 46. Qd5+ Qe6 47. Qb7+ Kf6 48. Qf3+ Kg6 49. a4 Rf7 50. Qd3+ Kg7 51. f4 Rd7 52. Qc3+ Kf7 53. Qa5 Qe2+ 54. Kh3 Rd1 55.
Qf5+ Ke8 56. Qc8+ Ke7 57. Qc7+ Kf8 58. Qc8+ Kf7 59. Qc7+ Qe7 60. Qc4+ Qe6+ 61. Qxe6+ Kxe6 62. Kg4 Rb1 63. Kh5 Rxb3 64. g4 Rb4 65. f5+ Kf7 66. g5 Rxa4 67. f6 Rb4 68. g6+ hxg6+ 69. Kg5 Rb5+ 70. Kg4 Kxf6 0-1

[Event "Late-Titled-Tuesday-Blitz-April-30-2024"]
[Site "Chess.com"]
[Date "2024.04.30"]
[Round "9"]
[White "jefferyx"]
[Black "mishanick"]
[Result "1/2-1/2"]
[WhiteElo "3115"]
[BlackElo "3125"]
[TimeControl "180+1"]
[EndTime "15:45:17 PDT"]
[Termination "Game drawn by repetition"]

1. d4 Nf6 2. c4 e6 3. Nc3 d5 4. Bg5 Bb4 5. e3 h6 6. Bh4 g5 7.
Bg3 Ne4 8. Rc1 Nxg3 9. hxg3 c6 10. a3 Bf8 11. Nf3 Bg7 12. Be2 Nd7 13. b4 Qe7 14. cxd5 exd5 15. Qb3 a6 16. a4 O-O 17.
O-O Nf6 18. b5 axb5 19. axb5 Qa3 20. Qxa3 Rxa3 21. Ne5 Nd7 22. Nd3 Nb6 23. bxc6 bxc6 24. Nb4 Bd7 25. Nb1 Rb3 26. Nxc6 Re8 27. Nd2 Rb2 28.
Rfd1 Na4 29. Kf1 Bf8 30. Ne5 Be6 31. Nd3 Ra2 32. Nb3 Rb8 33. Nbc5 Nxc5 34. dxc5 Rc8 35.
c6 Ra6 36. Nb4 Rb6 37. Nxd5 Bxd5 38. Rxd5 Rbxc6 39. Rxc6 Rxc6 40. Bh5 Re6 41. Rf5 Re7 42. Ke2 Kg7 43. f4 f6 44. Rb5 Rc7 45. Kf3 Be7 46.
e4 Bd6 47. Kg4 Re7 48. Kf5 Bc7 49. Rd5 Bb8 50. e5 fxe5 51. fxe5 Bc7 52. e6 Bxg3 53. Rd7 Rxd7 54. exd7 Bc7 55. Ke6 Bd8 56. g4 Kf8 57. Bg6 Be7 58. Be4 Bd8 59. Bd5 Be7 60.
Bc4 Bd8 61. Kd6 Ba5 62. Ke6 Bd8 63. Kf5 Ke7 64. Bb5 Kd6 65. Kg6 Ke6 66. Kxh6 Kf7 67. Kh7 Be7 68. Bd3 Bd8 69. Bf5 Be7 70. Kh6 Bd8 71.
Kh7 Be7 72. Kh6 Bd8 73. Kh7 1/2-1/2

[Event "Late-Titled-Tuesday-Blitz-April-30-2024"]
[Site "Chess.com"]
[Date "2024.04.30"]
[Round "9"]
[White "SpeedofLight0"]
[Black "DominguezOnYoutube"]
[Result "0-1"]
[WhiteElo "3025"]
[BlackElo "2973"]
[TimeControl "180+1"]
[EndTime "15:45:19 PDT"]
[Termination "DominguezOnYoutube won on time"]

1. Nf3 Nf6 2. d4 d5 3. Bf4 Bf5 4. e3 e6 5. Bd3 c6 6. O-O Nbd7 7. c4 Bxd3 8. Qxd3 Be7 9. Nc3 O-O 10. h3 h6 11. a3 a5 12. c5 b5 13. Rfe1 Qc8 14.
e4 b4 15. exd5 bxc3 16. d6 cxb2 17. dxe7 bxa1=Q 18.
exf8=Q+ Nxf8 19. Rxa1 Ra7 20. Ne5 Nd5 21. Bg3 Rb7 22.
Nc4 Qa8 23. Nd6 Rb2 24. Rb1 Qb8 25. Rxb2 Qxb2 26. Nc4 Qb5 27. Qc2 Ng6 28. Nd6 Qa6 29. Qb3 Qa8 30. Qb7 Qxb7 31. Nxb7 a4 32. Na5 Nge7 33.
Bd6 f6 34. Bxe7 Nxe7 35. Kf1 Kf7 36. Ke2 e5 37. dxe5 fxe5 38. Kd3 Ke6 39. Kc4 e4 40. Kd4 Kf5 41. Nc4 Kf4 42. Nd6 Nf5+ 43. Nxf5 Kxf5 44.
g3 g5 45. Kc4 Ke5 46. Kb4 Kd5 47. Kxa4 Kc4 48. Ka5 Kxc5 49. a4 Kd4 50. Kb6 c5 51. a5 c4 52. a6 c3 53. a7 c2 54. a8=Q c1=Q 55. Qd8+ Kc3 56. Qf6+ Kd3 57. Qxh6 Qb2+ 58. Kc6 Qxf2 59. Qxg5 e3 60. Qb5+ Kd2 61.
Qb2+ Kd3 62. Qb3+ Kd2 63. Qb2+ Kd1 64. Qb1+ Ke2 65. Qb5+ Kf3 66. Qf5+ Kxg3 67. Qg5+ Kh2 68. Qe5+ Qg3 69. Qe6 Qf3+ 70. Kc5 e2 71. Qe5+ Kg2 72.
Qg7+ Kf1 0-1

[Event "Late-Titled-Tuesday-Blitz-April-30-2024"]
[Site "Chess.com"]
[Date "2024.04.30"]
[Round "9"]
[White "shimastream"]
[Black "TigrVShlyape"]
[Result "1-0"]
[WhiteElo "3044"]
[BlackElo "2943"]
[TimeControl "180+1"]
[EndTime "15:45:21 PDT"]
[Termination "shimastream won on time"]

1. e4 c5 2. d4 cxd4 3. Qxd4 Nc6 4. Qd3 e6 5. Nc3 a6 6. Qg3 b5 7. Bd3 Bb7 8. h4 h5 9. Bg5 Qa5 10. Ne2 b4 11. Nd1 Nf6 12. O-O Ne5 13. f3 Nxd3 14.
cxd3 Qb5 15. Nf2 d6 16. Rac1 Qb6 17. Kh1 a5 18. Nd1 Ba6 19. Be3 Qb7 20. Nf2 Nd7 21. Nf4 Ne5 22. Rfd1 g6 23. b3 Be7 24. d4 Nd7 25. N2h3 Nf8 26. Ng5 Rc8 27. Rxc8+ Qxc8 28. Rc1 Qd7 29. Kg1 f6 30. Ngxe6 Nxe6 31. Qxg6+ Kf8 32. Nd5 Bd8 33. Bh6+ Rxh6 34. Qxh6+ Qg7 35. Qxg7+ Kxg7 36. Rc6 Bd3 37. Rxd6 Kf7 38. Ne3 Be7 39. Rd5 Nf4 40. Rxa5 Ne2+ 41. Kf2 Nc3 42. Ra7 Ke8 43. Nf5 Bf8 44.
Ke3 Bb1 45. Ra8+ Kf7 46. d5 Bc5+ 47. Kd2 Bxa2 48. d6 Ke6 49. Re8+ Kd7 50. Re7+ Kd8 51. Kc2 Bb1+ 52. Kb2 Bd3 53. Rh7 Bf1 54. Rg7 Bb5 55. Rg6 Ne2 56. Rxf6 Nf4 57. Rf8+ Kd7 58. Rf7+ Kd8 59. Rh7 Nxg2 60. Rxh5 Nf4 61. Rh8+ Kd7 62. Rh7+ Ke6 63. h5 Nd3+ 64. Kc2 Ne1+ 65. Kb2 Nxf3 66. h6 Ng5 67. Re7+ Kf6 68. h7 Nxh7 69. Rxh7 Bc6 70. d7 Bb6 71. Rh6+ Kf7 72. Rxc6 1-0